 Dungeon Crawl Stone Soup version 0.20.1-1-g8b1a95d (webtiles) character file.

8210 dohliylev the Unseen (level 11, -16/78 HPs)
             Began as a Vampire Enchanter on Dec 27, 2017.
             Was an Initiate of Makhleb.
             Killed from afar by a fire dragon (40 damage)
             ... with a blast of flame
             ... on level 9 of the Dungeon.
             The game lasted 00:42:06 (9044 turns).

dohliylev the Unseen (Vampire Enchanter)            Turns: 9044, Time: 00:42:07

Health: -16/78     AC:  9    Str:  7    XL:     11   Next: 6%
Magic:  12/18      EV: 17    Int: 20    God:    Makhleb [......]
Gold:   414        SH:  0    Dex: 16    Spells: 15/20 levels left

rFire    . . .     SeeInvis +   a - +0 rapier (elec)
rCold    . . .     Gourm    .   (no shield)
rNeg     . . .     Faith    .   h - +0 robe
rPois    .         Spirit   .   (no helmet)
rElec    .         Reflect  .   r - +2 cloak
rCorr    .         Harm     .   (no gloves)
MR       +....                  (no boots)
Stlth    ++++++....             (no amulet)
Regen    0.5/turn               (no ring)
MPRegen  0.2/turn               c - +4 ring of protection

@: about to teleport, regenerating quickly
A: fangs 3, see invisible, unbreathing
a: Renounce Religion


You were on level 9 of the Dungeon.
You worshipped Makhleb.
Makhleb was noncommittal.
You were very full.

You visited 2 branches of the dungeon, and saw 10 of its levels.
You also visited: Sewer.

You collected 470 gold pieces.
You spent 56 gold pieces at shops.

Inventory:

Hand Weapons
 a - a +0 rapier of electrocution (weapon)
Armour
 h - a +0 robe (worn)
 r - a +2 cloak (worn)
Jewellery
 c - a +4 ring of protection (right hand)
Wands
 x - a wand of scattershot (4/9)
 y - a wand of scattershot (6/9)
Scrolls
 e - 2 scrolls of amnesia
 f - 2 scrolls of teleportation
 i - a scroll of remove curse
 k - 6 scrolls of blinking
 l - a scroll of enchant armour
 n - a scroll of fear
 p - 3 scrolls of recharging
 q - 3 scrolls of magic mapping
 u - a scroll of fog
 w - a scroll of immolation {unknown}
Potions
 b - 2 potions of brilliance {unknown}
 d - 16 potions of blood
 g - 6 potions of heal wounds
 j - a potion of might {unknown}
 m - 3 potions of resistance {unknown}
 o - a potion of cancellation {unknown}
 s - 2 potions of curing
 t - a potion of magic {unknown}
 v - 2 potions of lignification {unknown}
 z - a potion of flight {unknown}
 A - a potion of haste {unknown}


   Skills:
 + Level 4.8 Fighting
 + Level 7.1 Short Blades
 - Level 7.3 Dodging
 - Level 16.7 Stealth
 - Level 5.1 Spellcasting
 - Level 8.8 Hexes


You had 15 spell levels left.
You knew the following spells:

 Your Spells              Type           Power        Failure   Level  Hunger
b - Ensorcelled Hibernat  Hex/Ice        ###...       2%          2    None
c - Confuse               Hex            #####...     1%          3    ##.....


Dungeon Overview and Level Annotations

Branches:
Dungeon (9/15)             Temple (1/1) D:6
   Lair: D:8-11         Orc: D:9-12

Altars:
Ashenzari
Cheibriados
Dithmenos
Elyvilon
Fedhas
Gozag
Hepliaklqana
Kikubaaqudgha
Makhleb
Nemelex Xobeh
Okawaru
Qazlal
Ru
Sif Muna
Trog
Uskayaw
Xom
Yredelemnul
Zin
The Shining One

Shops:
D:5 (   D:7 *


Innate Abilities, Weirdness & Mutations

Your natural rate of healing is unusually fast.
You have razor-sharp teeth.
You have supernaturally acute eyesight. (SInv)
You can survive without breathing.


Message History

Aim: a fire dragon (chance to defeat MR: 32%)
The centaur struggles to resist.
The centaur closely misses you.
The centaur wields an uncursed shortbow.
The centaur shoots an arrow.
The arrow barely misses you. The fire dragon breathes flames at you.
The blast of flame hits you!
Ouch! That really hurt!
Casting: Confuse
Confirm with . or Enter, or press ? or * to list all spells.
Aiming: Ensorcelled Hibernation
Press: ? - help, Shift-Dir - straight line, f/p - fire dragon
Aim: a fire dragon (catching its breath, chance to defeat MR: 19%)
Okay, then.
As you read the scroll of teleportation, it crumbles to dust.
You feel strangely unstable.
The centaur shoots an arrow.
The arrow completely misses you. The fire dragon breathes flames at you.
The blast of flame hits you!
Ouch! That really hurt!
You die...

########### ###
##.........## #..
.......#..#.## #..
.........##(.## #..
####...##..#.## #..
#..##..###.## #.. #..
##.##.(##.##.## #..
#..#
##.##.(##...##.####..
##..# ##.##@.##
#.o##......
...###.##(D##
#..##.....
#####.##.##c.##
##..##....
#...#...##..##
##Dp##...
#...#....##.
##.Z##....
#.(.#.....##
##..##.###. #.
#...#.####.#
##..##.## #. #.
#...#.# #.# ##..##.##
#. #..#...'.# #..##
##..##.## #.


You could see a fire dragon and a centaur.

Vanquished Creatures
  3 two-headed ogres
  An orc knight (D:9)
  A cyclops (D:9)
  Psyche (D:8)
  The ghost of Ymberto the Thaumaturge, an amateur DEWz (D:4)
  5 yaks (D:9)
  Eustachio (D:5)
  Menkaure (D:6)
  4 orc warriors
  An ice beast (D:9)
  4 ogres
  2 phantoms
  5 centaurs
  A big kobold (D:7)
  6 bullfrogs
  A water moccasin skeleton (D:8)
  14 killer bees
  5 wights (D:9)
  3 crimson imps
  A jelly (D:9)
  8 orc priests
  Crazy Yiuf (D:5)
  A hound (D:9)
  9 orc wizards
  A bullfrog skeleton (D:7)
  2 centaur skeletons
  2 iguanas
  2 worker ants (D:4)
  A hound skeleton (D:9)
  A hound zombie (D:6)
  A mummy (D:6)
  A howler monkey zombie (D:9)
  15 adders
  A howler monkey skeleton (D:4)
  5 river rats
  2 oozes (Sewer)
  An adder skeleton (D:4)
  7 worms
  A dart slug (D:3)
  6 leopard geckos
  33 orcs
  12 giant cockroaches
  14 goblins
  12 hobgoblins
  4 jackals
  3 quokkas
  10 ball pythons (Sewer)
  9 bats
  7 frilled lizards
  11 kobolds
  A leopard gecko zombie (D:5)
  38 rats
283 creatures vanquished.

Vanquished Creatures (others)
  A howler monkey skeleton (D:7)
1 creature vanquished.

Grand Total: 284 creatures vanquished

Notes
Turn   | Place    | Note
-------+----------+-------------------------------------------
     0 | D:1      | dohliylev the Vampire Enchanter began the quest for the Orb.
     0 | D:1      | Reached XP level 1. HP: 13/13 MP: 3/3
     2 | D:1      | Noticed a formicid
     4 | D:1      | Noticed a ghoul
     4 | D:1      | Noticed a spriggan
     6 | D:1      | Noticed a troll
     6 | D:1      | Noticed an ogre
     8 | D:1      | Noticed a draconian
    10 | D:1      | Noticed an octopode
    12 | D:1      | Noticed a vine stalker
    12 | D:1      | Noticed a felid
    14 | D:1      | Noticed a demigod
    14 | D:1      | Noticed a merfolk
    16 | D:1      | Noticed a dwarf
    16 | D:1      | Noticed a tengu
    18 | D:1      | Noticed a naga
    20 | D:1      | Noticed a gargoyle
    20 | D:1      | Noticed an elf
    22 | D:1      | Noticed a halfling
    22 | D:1      | Noticed a demonspawn
    24 | D:1      | Noticed a human
    24 | D:1      | Noticed a centaur
    26 | D:1      | Noticed a minotaur
    26 | D:1      | Noticed a vampire
   245 | D:1      | Reached skill level 5 in Hexes
   303 | D:1      | Reached XP level 2. HP: 19/19 MP: 5/5
   307 | D:1      | Learned a level 2 spell: Ensorcelled Hibernation
   941 | D:2      | Reached XP level 3. HP: 9/24 MP: 1/6
   946 | D:2      | Learned a level 3 spell: Confuse
  1153 | D:2      | Found a white marble altar of Elyvilon.
  1448 | D:2      | Reached XP level 4. HP: 24/30 MP: 8/8
  1510 | D:2      | Found a bloodstained altar of Trog.
  2431 | D:3      | Reached XP level 5. HP: 35/35 MP: 8/10
  2805 | D:4      | Noticed Ymberto's ghost (amateur DEWz)
  3004 | D:4      | Killed Ymberto's ghost
  3004 | D:4      | Reached XP level 6. HP: 30/41 MP: 5/12
  3466 | D:5      | Entered Level 5 of the Dungeon
  3625 | D:5      | Reached skill level 5 in Spellcasting
  3625 | D:5      | Reached XP level 7. HP: 35/46 MP: 9/14
  3859 | D:5      | Noticed Eustachio
  4335 | D:5      | Reached skill level 5 in Stealth
  4393 | D:4      | Reached skill level 6 in Stealth
  4730 | D:5      | Killed Eustachio
  4730 | D:5      | Reached skill level 8 in Stealth
  4730 | D:5      | Reached XP level 8. HP: 52/52 MP: 11/15
  4817 | D:5      | Found Taerieb's Weapon Shop.
  4825 | D:5      | Got a bloodstained scimitar
  4826 | D:5      | Identified the +8 scimitar of Egomania {antimagic, MP+9 Str+3} (You found it on level 5 of the Dungeon)
  4954 | D:5      | Found a runed door.
  5222 | D:5      | Noticed Crazy Yiuf
  5228 | D:5      | Killed Crazy Yiuf
  5363 | D:6      | Reached skill level 9 in Stealth
  5369 | D:6      | Reached skill level 10 in Stealth
  5475 | D:6      | Found a glowing drain.
  5483 | Sewer    | Entered a sewer
  6042 | D:6      | Reached skill level 5 in Short Blades
  6119 | D:6      | Found a staircase to the Ecumenical Temple.
  6128 | Temple   | Entered the Ecumenical Temple
  6240 | Temple   | Became a worshipper of Dithmenos the Shadowed
  6389 | D:6      | Reached XP level 9. HP: 45/57 MP: 7/16
  6529 | D:6      | Noticed Menkaure
  6531 | D:6      | Killed Menkaure
  6782 | D:7      | Reached * piety under Dithmenos
  6912 | D:7      | Noticed a two-headed ogre
  6925 | D:7      | Killed a two-headed ogre
  7071 | D:7      | Found Oneureulay's General Store.
  7079 | D:7      | Bought a scroll of magic mapping for 56 gold pieces
  7123 | D:7      | Reached skill level 11 in Stealth
  7326 | D:8      | Reached skill level 12 in Stealth
  7555 | D:9      | Reached skill level 13 in Stealth
  7568 | D:9      | Reached XP level 10. HP: 51/63 MP: 17/17
  7897 | D:8      | Reached skill level 14 in Stealth
  7953 | D:8      | Found an ancient bone altar of Kikubaaqudgha.
  7954 | D:8      | Found an opulent altar of Gozag.
  7982 | D:8      | Found a hide-covered altar of Uskayaw.
  7984 | D:8      | Found a basalt altar of Yredelemnul.
  7984 | D:8      | Found a shattered altar of Ashenzari.
  7996 | D:8      | Noticed Psyche
  7997 | D:8      | Found a burning altar of Makhleb.
  7997 | D:8      | Found an iron altar of Okawaru.
  8028 | D:8      | Killed Psyche
  8031 | D:8      | Reached ** piety under Dithmenos
  8043 | D:8      | Noticed a two-headed ogre
  8056 | D:8      | Killed a two-headed ogre
  8056 | D:8      | Reached skill level 15 in Stealth
  8421 | D:9      | Reached skill level 16 in Stealth
  8496 | D:8      | Fell from the grace of Dithmenos
  8496 | D:8      | Became a worshipper of Makhleb the Destroyer
  8566 | D:9      | Noticed a two-headed ogre
  8574 | D:9      | Killed a two-headed ogre
  8694 | D:9      | Found a sparkling altar of Nemelex Xobeh.
  8717 | D:9      | Noticed a cyclops
  8723 | D:9      | Noticed a death knight
  8723 | D:9      | Noticed an orc knight
  8724 | D:9      | Killed a cyclops
  8734 | D:9      | Reached XP level 11. HP: 38/77 MP: 18/18
  8896 | D:9      | Killed an orc knight
  9039 | D:9      | Noticed a fire dragon
  9044 | D:9      | Killed from afar by a fire dragon

Skill      XL: |  1  2  3  4  5  6  7  8  9 10 |
---------------+-------------------------------+-----
Hexes          | 5 6 7 8 |  8.8
Spellcasting   | 3 4 5 |  5.1
Short Blades   | 3 7 |  7.1
Stealth        | 8 10 13 16 | 16.7
Dodging        | 7 |  7.3
Fighting       | 4 |  4.8

Action                   |  1- 3 |  4- 6 |  7- 9 | 10-12 || total
-------------------------+-------+-------+-------+-------++-------
Melee: Dagger            |    85 |   200 |    41 |       ||   326
       Bite              |     3 |    14 |    20 |     2 ||    39
       Rapier            |       |       |   290 |    69 ||   359
 Cast: Corona            |     1 |       |       |       ||     1
       Ensorcelled Hiber |    13 |    32 |    98 |    58 ||   201
       Confuse           |       |     8 |    24 |     5 ||    37
Evoke: Wand              |       |     2 |       |       ||     2
  Use: Potion            |       |     1 |     2 |       ||     3
       Scroll            |       |       |     9 |     3 ||    12
 Stab: Sleeping          |    14 |    16 |    65 |    41 ||   136
       Confused          |       |     6 |     7 |     7 ||    20
       Distracted        |       |       |     1 |       ||     1
  Eat: Corpse            |     5 |    17 |    20 |     7 ||    49
Armor: Robe              |    11 |    21 |   141 |    18 ||   191
Dodge: Dodged            |    41 |   127 |   358 |    66 ||   592
